 Dungeon Crawl Stone Soup version 0.29-a0-2-g12fcac58f8 (webtiles) character file.

Game seed: 15995802785939525957

54 fragbeetle the Chopper (level 3, -2/33 HPs)
             Began as a Hill Orc Cinder Acolyte on Jan 26, 2022.
             Was a High Priest of Ignis.
             Slain by Menkaure (8 damage)
             ... on level 4 of the Dungeon.
             The game lasted 00:03:30 (2084 turns).

fragbeetle the Chopper (Hill Orc Cinder Acolyte)    Turns: 2084, Time: 00:03:31

Health: -2/33      AC:  4    Str: 16    XL:     3   Next: 91%
Magic:  0/4        EV: 10    Int: 16    God:    Ignis [*****.]
Gold:   83         SH:  2    Dex:  6    Spells: 2/4 levels left

rFire   + . .      SeeInvis .   a - -1 hand axe (flame)
rCold   . . .      Faith    .   h - +0 buckler
rNeg    . . .      Spirit   .   b - +0 robe
rPois   .          Reflect  .   (no helmet)
rElec   .          Harm     .   (no cloak)
rCorr   .          Rampage  .   l - +0 pair of gloves
Will    .....                   u - +0 pair of boots
Stlth   +.........              (no amulet)
HPRegen 0.11/turn               (no ring)
MPRegen 0.09/turn               (no ring)

@: no status effects
A: no striking features
a: Renounce Religion, Fiery Armour, Foxfire Swarm, Rising Flame


You were on level 4 of the Dungeon.
You worshipped Ignis.
Ignis was extremely pleased with you.
You visited 1 branch of the dungeon, and saw 4 of its levels.

You collected 83 gold pieces.

Inventory:

Hand Weapons
 a - a -1 hand axe of flaming (weapon)
 t - a +0 war axe
Missiles
 f - 6 poisoned darts
 q - 6 atropa-tipped darts
Armour
 b - a +0 robe (worn)
 h - a +0 buckler (worn)
 l - a +0 pair of gloves (worn)
 r - a +0 leather armour
 u - a +0 pair of boots (worn)
Jewellery
 v - an amulet of reflection
Scrolls
 d - a scroll of noise {unknown}
 g - a scroll of teleportation {unknown}
 i - 3 scrolls of silence {unknown}
 j - a scroll of vulnerability {unknown}
 k - a scroll of identify {unknown}
 n - a scroll of blinking {unknown}
 o - 2 scrolls of immolation {unknown}
 s - a scroll of torment {unknown}
Potions
 c - a potion of brilliance {unknown}
 e - a potion of curing {unknown}
 m - a potion of resistance {unknown}
 p - a potion of ambrosia {unknown}


   Skills:
 + Level 4.0 Fighting
 * Level 4.8 Axes
 * Level 0.8 Shields
 + Level 1.3 Spellcasting
 * Level 3.9 Fire Magic


You had 2 spell levels left.
You knew the following spells:

 Your Spells              Type           Power      Damage    Failure   Level
a - Scorch                Fire           26%        2d6       9%          2

Your spell library contained the following spells:

 Spells                   Type           Power      Damage    Failure   Level


Dungeon Overview and Level Annotations

Branches:
Dungeon (4/15)
 Temple: D:4-7

Altars:
Ashenzari
Nemelex Xobeh

Annotations:
D:2 Sigmund
D:4 1 transporter, Menkaure


Message History

u - a +0 pair of boots You start putting on your armour.
You continue putting on your +0 pair of boots. x4
You finish putting on your +0 pair of boots.
Casting: Scorch (safe; 9% risk of failure)
Confirm with . or Enter, or press ? or * to list all spells.
Okay, then.
Unknown command.
HP restored.
Magic restored.
You now have 83 gold pieces (gained 10).
v - an amulet of reflection As you open the door, it creaks loudly!
There is an open door here.
As you open the door, it creaks loudly!
There is an open door here.
You open the door.
Menkaure, Prince of Dust comes into view.
Found a scroll labelled AXOFETSUUNN.
Flames lash Menkaure.
Menkaure is burned terribly!
Menkaure is moderately damaged.
Menkaure's fire resistance burns away.
Menkaure casts a spell at you. Pain shoots through your body!
Flames lash Menkaure.
Menkaure is burned terribly!
Menkaure is severely damaged.
You are too depleted to draw on your mana recklessly!
Found a metallic orange potion.
Found a transporter.
Menkaure calls on the powers of darkness!
Your body is wracked with pain!
There is an open door here.
You hit Menkaure but do no damage.
Menkaure is severely damaged.
Menkaure gestures at you while chanting.
Pain shoots through your body!
* * * LOW HITPOINT WARNING * * *
You barely miss Menkaure.
Menkaure is severely damaged.
Menkaure hits you!
You die...

###################
#....#...##........
#................#.
#................#.
#................#<
#................#.
#............<...+.
#...####+##)#######
##@#####.##.##..##.
......M.................
................>.......
........................
!..?##.....###...##.....
.... ....... #.#.##.....
... ..........#........
#. ...©.......##..##'##
.....#..#...#


You could see Menkaure (combustible).

Vanquished Creatures
  A gnoll (D:1)
  A dart slug (D:1)
  3 orcs
  3 ball pythons
  3 endoplasms (D:1)
  A giant cockroach (D:1)
  A goblin (D:1)
  5 hobgoblins
  3 jackals (D:1)
  6 kobolds
  2 quokkas
  3 bats
  2 frilled lizards (D:1)
  4 rats
38 creatures vanquished.

Vanquished Creatures (others)
  A plant (D:1)
  5 withered plants (D:1)
6 creatures vanquished.

Grand Total: 44 creatures vanquished

Notes
Turn   | Place    | Note
-------+----------+-------------------------------------------
     0 | D:1      | fragbeetle the Hill Orc Cinder Acolyte began the quest for
                  | the Orb.
     0 | D:1      | Reached XP level 1. HP: 19/19 MP: 2/2
   149 | D:1      | Reached XP level 2. HP: 25/27 MP: 3/3
   153 | D:1      | Learned a level 2 spell: Scorch
   485 | D:1      | Reached XP level 3. HP: 31/33 MP: 1/4
   717 | D:1      | Found a faded altar of an unknown god.
  1027 | D:2      | Found a sparkling altar of Nemelex Xobeh.
  1344 | D:2      | Noticed Sigmund
  1974 | D:4      | Found a broken altar of Ashenzari.
  2079 | D:4      | Noticed Menkaure
  2082 | D:4      | Found a transporter.
  2084 | D:4      | Slain by Menkaure

Illustrated notes

Levels and vault maps discovered:
D:1:      psy_arrival_dodecagon, layout_loops_ring,
          shapermc_ecumenical_altar_flowoftime, item_on_display_a
D:2:      layout_loops_corners, basic_altar, minmay_misc_feat_alley,
          uniq_crazy_yiuf_cottage, uniq_sigmund
D:3:      layout_rooms
D:4:      layout_gridville, nicolae_ashenzari_skybound,
          gammafunk_ghost_abyssal_escape, uniq_menkaure

Skill      XL: |  1  2  3 |
---------------+----------+-----
Fighting       | 4 |  4.0
Axes           | |  4.8
Shields        | |  0.8
Spellcasting   | |  1.3
Fire Magic     | |  3.9

Action                   || total
-------------------------++-------
Melee: Hand axe          ||    81
 Cast: Scorch            ||    14
Armor: Robe              ||    14
Dodge: Dodged            ||    33
Block: Buckler           ||     4

Table legend: (Time is in decaauts)
 A = Elapsed time spent in this place.
 B = Non-inter-level travel time spent in this place.
 C = Inter-level travel time spent in this place.
 D = Time resting spent in this place.
 E = Time spent auto-exploring this place.
 F = Levels seen in this place.
 G = Mean time per level.
                   A        B        C        D        E       F      G
               +--------+--------+--------+--------+--------+-----+--------+
         Total |   2092 |   2062 |     30 |      0 |   1676 |   4 |  523.0 |
       Dungeon |   2092 |   2062 |     30 |      0 |   1676 |   4 |  523.0 |
               +--------+--------+--------+--------+--------+-----+--------+

Top non-repeatable levels by time:
     D:1: 1015 daAuts
     D:3: 578 daAuts
     D:2: 350 daAuts
     D:4: 146 daAuts
